 Dungeon Crawl Stone Soup version 0.24.0-37-gcf1ca852f1 (webtiles) character file.

Game seed: 6018468137771280661, levelgen mode: deterministic

128 Descartes the Sneak (level 4, -3/22 HPs)
             Began as a Felid Monk on Dec 5, 2019.
             Slain by an ogre
             ... wielding a +0 giant club
              (16 damage)
             ... on level 4 of the Dungeon.
             The game lasted 00:08:49 (4550 turns).

Descartes the Sneak (Felid Monk)                    Turns: 4550, Time: 00:08:49

Health: -3/22      AC:  1    Str:  8    XL:     4   Next: 87%
Magic:  5/5        EV: 21    Int: 11    God:
Gold:   218        SH:  0    Dex: 18    Spells: 3/3 levels left
                                        Lives:  0   Deaths: 1

rFire    . . .     SeeInvis +     - Unarmed
rCold    . . .     Gourm    .   (shield unavailable)
rNeg     . . .     Faith    .   (armour unavailable)
rPois    .         Spirit   .   (helmet unavailable)
rElec    .         Reflect  .   (cloak unavailable)
rCorr    .         Harm     .   (gloves unavailable)
MR       .....                  (boots unavailable)
Stlth    ++++......             (no amulet)
HPRegen  0.07/turn              f - ring of flight
MPRegen  0.09/turn              (no ring)

@: quick
A: very small, no armour, no weapons or thrown items, stealth, claws 1, fangs 3,
see invisible, carnivore, speed 1, shaggy fur 1, slow metabolism 1, sharp paws
a: Evoke Flight


You were on level 4 of the Dungeon.
You were very full.

You visited 1 branch of the dungeon, and saw 4 of its levels.

You collected 218 gold pieces.

Inventory:

Missiles
 b - 32 arrows
 h - 134 stones
Jewellery
 f - a ring of flight (left paw)
Scrolls
 c - 2 scrolls of remove curse
 d - 3 scrolls of enchant armour {unknown}
 i - 2 scrolls of fear
 k - a scroll of teleportation
Potions
 j - 2 potions of curing
Comestibles
 a - 3 rations
 l - a chunk of flesh


   Skills:
 + Level 3.8 Fighting
 + Level 5.1 Dodging
 * Level 5.5 Stealth
 + Level 3.8 Unarmed Combat


You had 3 spell levels left.
You didn't know any spells.
Your spell library was empty.

Dungeon Overview and Level Annotations

Branches:
Dungeon (4/15)
 Temple: D:4-7

Altars:
Dithmenos
Okawaru
Qazlal
Ru
Trog

Annotations:
D:2 1 runed translucent door, Crazy Yiuf


Innate Abilities, Weirdness & Mutations

You cannot wear armour.
You are incapable of wielding weapons or throwing items.
Your paws allow you to move quietly. (Stealth)
You have sharp claws.
You have razor-sharp teeth.
You have supernaturally acute eyesight. (SInv)
You are carnivorous and can eat meat at any time.
You cover ground quickly.
You are covered in fur. (AC +1)
You have a slow metabolism.
Your sharp claws are effective at attacking unaware monsters.


Message History

You closely miss the jackal.
The jackal is heavily wounded.
The jackal bites you.
You closely miss the jackal.
The jackal is heavily wounded.
The jackal bites you. The jackal closely misses you.
You claw the jackal!
You kill the jackal!
The jackal closely misses you.
You scratch the jackal.
The jackal is heavily wounded.
The jackal misses you.
You scratch the jackal.
You kill the jackal!
The jackal completely misses you.
You scratch the jackal. You bite the jackal.
You kill the jackal!
The ogre hits you with a +0 giant club!
Ouch! That really hurt!
You die...

..............####
................#
...............#
...............#
..............#
..............#
#.##'#........####
#O#...............
#@#..####'########
####.#...............
#$...#...###.########
#...†........#
#...#...######
#...#...# #...##..#
#... #..# #... #..#


You could see an ogre.

Vanquished Creatures
  Jessica (D:2)
  An orc wizard (D:4)
  2 gnolls (D:3)
  3 adders
  An ooze (D:2)
  A worm (D:2)
  3 dart slugs
  2 leopard geckos
  9 orcs
  2 giant cockroaches
  4 goblins
  8 hobgoblins
  4 jackals (D:4)
  8 bats
  5 frilled lizards
  10 kobolds
  6 rats
70 creatures vanquished.

Notes
Turn   | Place    | Note
-------+----------+-------------------------------------------
     0 | D:1      | Descartes the Felid Monk began the quest for the Orb.
     0 | D:1      | Reached XP level 1. HP: 10/10 MP: 2/2
   184 | D:1      | Reached XP level 2. HP: 6/14 MP: 3/3
  1346 | D:2      | Reached XP level 3. HP: 17/17 MP: 4/4
  1385 | D:2      | Found a shadowy altar of Dithmenos.
  1464 | D:2      | Found a runed translucent door.
  1465 | D:2      | Noticed Crazy Yiuf
  1494 | D:2      | Noticed Jessica
  1507 | D:2      | Killed Jessica
  1744 | D:2      | Reached XP level 4. HP: 21/21 MP: 5/5
  2844 | D:3      | Found an iron altar of Okawaru.
  2925 | D:3      | Slain by an orc
  2926 | D:3      | Reached XP level 3. HP: -1/17 MP: 4/4
  3028 | D:3      | Found a sacrificial altar of Ru.
  3030 | D:3      | Found a bloodstained altar of Trog.
  3212 | D:3      | Reached skill level 5 in Stealth
  3221 | D:3      | Reached XP level 4. HP: 21/21 MP: 5/5
  3800 | D:4      | Reached skill level 5 in Dodging
  4323 | D:4      | Found a stormy altar of Qazlal.
  4539 | D:4      | Noticed an ogre
  4550 | D:4      | Slain by an ogre

Levels and vault maps discovered:
D:1:      sevenhm_arrival_forest_fort_large_3, layout_basic
D:2:      layout_loops_ring, makhleb_blood_cavern_becter,
          grunt_dithmenos_smoke_and_mirrors, uniq_jessica,
          uniq_crazy_yiuf_cottage, uniq_robin
D:3:      layout_basic, okawaru_altar_gauntlet_db, grunt_temple_overflow_open
D:4:      layout_basic, nicolae_qazlal_general_emergency

Skill      XL: |  1  2  3  4 |
---------------+-------------+-----
Stealth        | 3 5 |  5.5
Dodging        | 5 |  5.1
Fighting       | |  3.8
Unarmed Combat | |  3.8

Action                   |  1- 3 |  4- 6 || total
-------------------------+-------+-------++-------
Melee: Unarmed           |    77 |   141 ||   218
       Bite              |     3 |    13 ||    16
       Punch             |     1 |     1 ||     2
  Use: Scroll            |       |     5 ||     5
       Potion            |       |     3 ||     3
 Stab: Sleeping          |    10 |     5 ||    15
       Distracted        |     1 |     1 ||     2
  Eat: Chunk             |    11 |     8 ||    19
Armor: Skin              |       |     4 ||     4
Dodge: Dodged            |    58 |   120 ||   178
